 Dungeon Crawl Stone Soup version 0.21.1-1-g345015f (webtiles) character file.

286 HammerPanzer the Skirmisher (level 6, -4/55 HPs)
             Began as a Draconian Abyssal Knight on Apr 4, 2018.
             Was a Believer of Lugonu.
             Slain by Exporg's ghost (19 damage)
             ... on level 4 of the Dungeon.
             The game lasted 00:11:47 (3275 turns).

HammerPanzer the Skirmisher (DrAK)                  Turns: 3275, Time: 00:11:47

Health: -4/55      AC:  6    Str: 15    XL:     6   Next: 8%
Magic:  6/7        EV: 13    Int: 13    God:    Lugonu [**....]
Gold:   113        SH:  0    Dex: 11    Spells: 5/5 levels left

rFire    x . .     SeeInvis .   a - +1 falchion
rCold    + . .     Gourm    .   (no shield)
rNeg     . . .     Faith    +   (armour unavailable)
rPois    .         Spirit   .   (helmet restricted)
rElec    .         Reflect  .   (no cloak)
rCorr    .         Harm     .   (no gloves)
MR       .....                  (no boots)
Stlth    +.........             m - amulet of faith
HPRegen  0.18/turn              g - ring of ice
MPRegen  0.10/turn              i - ring of flight

@: no status effects
A: unfitting armour, cold-blooded, AC +6
a: Depart the Abyss, Bend Space, Renounce Religion, Evoke Flight


You were on level 4 of the Dungeon.
You worshipped Lugonu.
Lugonu was pleased with you.
You were not hungry.

You visited 1 branch of the dungeon, and saw 4 of its levels.
You visited the Abyss 1 time.

You collected 113 gold pieces.

Inventory:

Hand Weapons
 a - a +1 falchion (weapon)
Jewellery
 g - a ring of ice (left hand)
 i - a ring of flight (right hand)
 m - an amulet of faith (around neck)
Scrolls
 d - 2 scrolls of identify
 e - a scroll of blinking
 h - a scroll of remove curse
 k - a scroll of teleportation
 l - a scroll of enchant armour {unknown}
Potions
 c - 2 potions of haste
 f - 2 potions of flight
Comestibles
 b - 5 rations


   Skills:
 + Level 4.8 Fighting
 + Level 4.2 Long Blades
 + Level 3.4 Dodging
 + Level 1.0 Stealth
 + Level 2.2 Invocations


You had 5 spell levels left.
You didn't know any spells.

Dungeon Overview and Level Annotations

Branches:
Dungeon (4/15)             Temple (0/1) D:4

Altars:
Nemelex Xobeh

Annotations:
D:4 Exporg's ghost, novice FoFi


Innate Abilities, Weirdness & Mutations

Your plain brown scales are hard. (AC +6)
You cannot fit into any form of body armour.
You are cold-blooded and may be slowed by cold attacks.


Message History

Exporg's ghost hits you!
You hit Exporg's ghost but do no damage.
Exporg's ghost is lightly damaged.
Exporg's ghost barely misses you.
You riposte.
You hit Exporg's ghost.
Exporg's ghost is lightly damaged.
You hit Exporg's ghost but do no damage.
You tail-slap Exporg's ghost.
Exporg's ghost is moderately damaged.
Exporg's ghost hits you but does no damage.
You hit Exporg's ghost.
You tail-slap Exporg's ghost, but do no damage.
Exporg's ghost is moderately damaged.
Exporg's ghost hits you but does no damage.
You hit Exporg's ghost.
Exporg's ghost is heavily damaged.
Exporg's ghost hits you!!
* * * LOW HITPOINT WARNING * * *
Space bends around you!
You blink.
You fail to use your ability.
Exporg's ghost hits you!!
You die...

#...# #.#
#.......
#...# #.#
#####.##
#...# #.#
#.# #...#
#.# #.
##...#
..# #)
#....#
.##
#..#.## .
#.....#
#...@.#
#<.W..#
#..####
#..#
#.......#
#..####.#
#..# #..#
....


You could see Exporg's ghost.

Vanquished Creatures
  A crimson imp (D:3)
  2 orc wizards (D:3)
  A bullfrog skeleton (D:4)
  7 adders
  4 worms
  3 dart slugs
  4 leopard geckos
  11 orcs
  12 bats
  4 giant cockroaches
  6 hobgoblins
  2 quokkas (D:2)
  2 frilled lizards
  5 goblins
  10 kobolds
  6 rats
  A butterfly (D:4)
81 creatures vanquished.

Notes
Turn   | Place    | Note
-------+----------+-------------------------------------------
     0 | Abyss:1  | HammerPanzer the Draconian Abyssal Knight began the quest for the Orb.
     0 | Abyss:1  | Reached XP level 1. HP: 19/19 MP: 2/2
     0 | D:1      | Escaped the Abyss
    65 | D:1      | Reached * piety under Lugonu
    65 | D:1      | Reached XP level 2. HP: 24/27 MP: 3/3
   439 | D:2      | Reached XP level 3. HP: 29/33 MP: 4/4
   673 | D:2      | Found a sparkling altar of Nemelex Xobeh.
   927 | D:2      | Reached XP level 4. HP: 40/40 MP: 5/5
  1186 | D:2      | Reached ** piety under Lugonu
  1916 | D:3      | Reached XP level 5. HP: 47/47 MP: 6/6
  1940 | D:3      | Reached skill level 1 in Stealth
  2702 | D:4      | Found a staircase to the Ecumenical Temple.
  2766 | D:4      | Reached XP level 6. HP: 49/53 MP: 7/7
  2881 | D:4      | Noticed Exporg's ghost (novice FoFi)
  3275 | D:4      | Slain by Exporg's ghost

Skill      XL: |  1  2  3  4  5 |
---------------+----------------+-----
Fighting       | 4 |  4.8
Long Blades    | 3 4 |  4.2
Dodging        | 3 |  3.4
Stealth        | 1 |  1.0
Invocations    | |  2.2

Action                   |  1- 3 |  4- 6 || total
-------------------------+-------+-------++-------
Melee: Falchion          |    84 |   223 ||   307
       Tailslap          |    10 |    24 ||    34
Invok: Depart the Abyss  |     1 |       ||     1
       Bend Space        |       |     4 ||     4
  Use: Scroll            |       |     6 ||     6
       Potion            |       |     3 ||     3
  Eat: Chunk             |       |     8 ||     8
Armor: Skin              |    29 |    75 ||   104
Dodge: Dodged            |    67 |   125 ||   192
       Rpst.: Falchion   |    26 |    39 ||    65
